 Dungeon Crawl Stone Soup version 0.28-a0-1087-gf3fc490d9d (webtiles) character file.

Game seed: 8595670520930957765

32 karrick the Shield-Bearer (level 3, -3/24 HPs)
             Began as a Gargoyle Fighter on Dec 11, 2021.
             Killed from afar by an orc wizard (14 damage)
             ... with a puff of flame
             ... on level 1 of the Dungeon.
             The game lasted 00:01:31 (1184 turns).

karrick the Shield-Bearer (Gargoyle Fighter)        Turns: 1184, Time: 00:01:31

Health: -3/24      AC: 10    Str: 19    XL:     3   Next: 27%
Magic:  3/3        EV:  9    Int:  8    God:
Gold:   33         SH:  4    Dex: 11    Spells: 2/2 levels left

rFire   . . .      SeeInvis .   a - +0 flail
rCold   . . .      Faith    .   c - +0 buckler
rNeg    + . .      Spirit   .   b - +0 scale mail
rPois   ∞          Reflect  .   (no helmet)
rElec   +          Harm     .   (no cloak)
rCorr   .          Rampage  .   (no gloves)
Will    .....                   (no boots)
Stlth   ..........              (no amulet)
HPRegen 0.08/turn               (no ring)
MPRegen 0.08/turn               (no ring)

@: no status effects
A: sickness immunity, AC +3, negative energy resistance 1, electricity
resistance, torment resistance 1, petrification resistance
a: no special abilities


You were on level 1 of the Dungeon.
You visited 1 branch of the dungeon, and saw 2 of its levels.

You collected 33 gold pieces.

Inventory:

Hand Weapons
 a - a +0 flail (weapon)
Armour
 b - a +0 scale mail (worn)
 c - a +0 buckler (worn)
Scrolls
 h - a scroll of teleportation {unknown}
 j - a scroll of identify {unknown}
Potions
 d - a potion of might
 e - a potion of flight {unknown}
 f - a potion of degeneration {unknown}
 g - a potion of berserk rage {unknown}
 i - a potion of curing {unknown}


   Skills:
 + Level 3.7 Fighting
 + Level 2.3 Maces & Flails
 + Level 3.6 Armour
 + Level 3.7 Shields


You had 2 spell levels left.
You didn't know any spells.
Your spell library was empty.

Dungeon Overview and Level Annotations

Branches:
Dungeon (2/15)

Altars:


Innate Abilities, Weirdness & Mutations

You are immune to sickness and miasma.
Your stone body is resilient. (AC +3)
You are immune to poison.
You resist negative energy. (rN+)
You are resistant to electric shocks. (rElec)
You are resistant to unholy torment.
You are immune to petrification.


Message History

The orc wizard mumbles some strange words.
The orc wizard flickers and vanishes!
Deactivating autopickup; reactivate with Ctrl-A.
You bump into the rock wall.
You feel less confused. Something hits you but does no damage.
You miss something. Something hits you but does no damage.
You barely miss something.
You hear some strange, mumbled words.
You are confused.
Something hits you but does no damage.
You bump into the rock wall.
Something hits you.
You miss something. Something hits you but does no damage.
You closely miss something. Something hits you.
You're too confused to move!
Something hits you but does no damage.
You barely miss something. Something hits you but does no damage.
You miss something.
You feel less confused.
Something hits you but does no damage. x2
You miss something. Something hits you.
You closely miss something.
You hear some strange, mumbled words.
You are confused.
Something hits you but does no damage.
You hear some strange, mumbled words.
A puff of flame appears from out of thin air!
The puff of flame hits you.
You hear some strange, mumbled words.
A puff of flame appears from out of thin air!
The puff of flame misses you.
You barely miss something.
Something hits you but does no damage. x2
You feel less confused. Something hits you but does no damage.
Something hits you but does no damage.
You miss something.
You hear some strange, mumbled words.
A puff of flame appears from out of thin air!
The puff of flame hits you!
Ouch! That really hurt!
You die...

####...#####.##.#.....#.....# ###
............................# ##
............................# #.
...........(................# #.
####...###.#..#.......#.....# #.
# #..........#.......####### #. #
#...###.#..(.......# #. # #...#
#.#...{...##.##########. ####...#
#.#####@.....#.......##. ......##
#........#####.#####.##.
#################.##.......##.##.
##.......### #.##.##.##.##.##.
...P.P.P...# #....##.##.......
..P.....P..############.......###
..P....PP...)..# #########
..).PP.P....##.# ..P..P..P.#.##.#


There were no monsters in sight!

Vanquished Creatures
  A gnoll (D:1)
  A dart slug (D:2)
  2 ball pythons (D:1)
  A bat (D:1)
  3 endoplasms (D:1)
  A giant cockroach (D:1)
  5 goblins (D:1)
  A hobgoblin (D:1)
  A frilled lizard (D:1)
  2 kobolds (D:1)
18 creatures vanquished.

Notes
Turn   | Place    | Note
-------+----------+-------------------------------------------
     0 | D:1      | karrick the Gargoyle Fighter began the quest for the Orb.
     0 | D:1      | Reached XP level 1. HP: 14/14 MP: 1/1
    69 | D:1      | Reached XP level 2. HP: 10/19 MP: 2/2
   784 | D:1      | Reached XP level 3. HP: 24/24 MP: 3/3
  1184 | D:1      | Killed from afar by an orc wizard

Illustrated notes

Levels and vault maps discovered:
D:1:      minmay_arrival_solitary_statue, layout_loops_cross,
          hangedman_decor_growths, nicolae_grassy_gnolls
D:2:      layout_loops_ring, shapermc_ecumenical_altar_hornbeckon, uniq_natasha

Action                   || total
-------------------------++-------
Melee: Flail             ||    58
Armor: Scale mail        ||    38
Dodge: Dodged            ||    23
Block: Buckler           ||    18

Table legend: (Time is in decaauts)
 A = Elapsed time spent in this place.
 B = Non-inter-level travel time spent in this place.
 C = Inter-level travel time spent in this place.
 D = Time resting spent in this place.
 E = Time spent auto-exploring this place.
 F = Levels seen in this place.
 G = Mean time per level.
                   A        B        C        D        E       F      G
               +--------+--------+--------+--------+--------+-----+--------+
         Total |   1203 |   1184 |     19 |     56 |    964 |   2 |  601.5 |
       Dungeon |   1203 |   1184 |     19 |     56 |    964 |   2 |  601.5 |
               +--------+--------+--------+--------+--------+-----+--------+

Top non-repeatable levels by time:
     D:1: 1110 daAuts
     D:2: 93 daAuts
